 Dungeon Crawl Stone Soup version 0.24.0-3-g28a8eb0610 (webtiles) character file.

Game seed: 2800171767284029051, levelgen mode: deterministic

424 Descartes the Ducker (level 6, -8/28 HPs)
             Began as a Spriggan Conjurer on Nov 1, 2019.
             Killed from afar by an orc wizard (9 damage)
             ... with a puff of frost
             ... on level 3 of the Dungeon.
             The game lasted 00:11:12 (5554 turns).

Descartes the Ducker (Spriggan Conjurer)            Turns: 5554, Time: 00:11:13

Health: -8/28      AC:  2    Str:  4    XL:     6   Next: 64%
Magic:  13/15      EV: 21    Int: 18    God:
Gold:   124        SH:  0    Dex: 17    Spells: 1/15 levels left

rFire    . . .     SeeInvis +   m - +2 dagger (venom)
rCold    . . .     Gourm    .   (shield restricted)
rNeg     . . .     Faith    .   a - +0 robe
rPois    .         Spirit   .   (helmet restricted)
rElec    .         Reflect  .   (no cloak)
rCorr    .         Harm     .   (gloves unavailable)
MR       +....                  (boots unavailable)
Stlth    +++.......             (no amulet)
HPRegen  0.09/turn              y - ring of wizardry
MPRegen  0.14/turn              (no ring)

@: very quick
A: very small, unfitting armour, see invisible, herbivore, speed 3, slow
metabolism 2
a: no special abilities


You were on level 3 of the Dungeon.
You were near starving.

You visited 1 branch of the dungeon, and saw 4 of its levels.

You collected 124 gold pieces.

Inventory:

Hand Weapons
 m - a +2 dagger of venom (weapon)
 r - a +2 dagger of protection
Missiles
 b - 93 stones (quivered)
 n - 78 sling bullets
 t - 2 boomerangs
 u - 18 arrows
Armour
 a - a +0 robe (worn)
Jewellery
 y - a ring of wizardry (left hand)
 A - a +3 ring of intelligence {unknown}
Wands
 x - a wand of acid (1)
Scrolls
 d - a scroll of magic mapping {unknown}
 e - a scroll of immolation {unknown}
 f - a scroll of random uselessness {unknown}
 g - 6 scrolls of identify {unknown}
 h - 3 scrolls of noise {unknown}
 i - a scroll of enchant weapon {unknown}
 j - a scroll of teleportation {unknown}
 k - a scroll of remove curse {unknown}
 o - a scroll of fear {unknown}
Potions
 l - 4 potions of curing {unknown}
 p - a potion of might {unknown}
 q - a potion of cancellation {unknown}
 s - a potion of haste {unknown}
 v - 2 potions of lignification {unknown}
 w - a potion of invisibility {unknown}
 z - a potion of mutation {unknown}
Comestibles
 c - 5 rations


   Skills:
 + Level 6.1 Dodging
 - Level 3.4 Stealth
 + Level 5.4 Spellcasting
 + Level 4.1 Conjurations
 + Level 1.3 Hexes


You had one spell level left.
You knew the following spells:

 Your Spells              Type           Power        Failure   Level  Hunger
a - Magic Dart            Conj           ###.         1%          1    None
b - Searing Ray           Conj           ###...       1%          2    #......
c - Dazzling Spray        Conj/Hex       ##....       4%          3    ##.....
d - Iskenderun's Mystic   Conj           ###.....     9%          4    ####...
e - Fulminant Prism       Conj/Hex       ##........   16%         4    ####...

Your spell library contained the following spells:

 Spells                   Type           Power        Failure   Level  Hunger
 Force Lance              Conj/Tloc      ##......     21%         4    ####...


Dungeon Overview and Level Annotations

Branches:
Dungeon (4/15)
 Temple: D:4-7

Altars:
Ashenzari
Wu Jian


Innate Abilities, Weirdness & Mutations

You are very small and have problems with some larger weapons.
You are too small for most types of armour.
You have supernaturally acute eyesight. (SInv)
You are a herbivore.
You cover ground extremely quickly.
You need to consume almost no food.


Message History

You hit the orc wizard.
The orc wizard is severely wounded.
The orc wizard gestures at you while chanting.
The puff of flame hits you!
* * * LOW HITPOINT WARNING * * *
The orc wizard hits you but does no damage.
You closely miss the orc wizard.
The orc wizard is severely wounded.
The orc wizard closely misses you.
Casting: Magic Dart (safe; 1% risk of failure)
Confirm with . or Enter, or press ? or * to list all spells.
Aiming: Magic Dart (safe; 1% risk of failure)
Press: ? - help, Shift-Dir - straight line, f - orc wizard
Aim: an orc wizard, wielding a +0 dagger and wearing a cursed +0 robe (severely wounded, fast, poisoned)
The magic dart hits the orc wizard.
The orc wizard is severely wounded.
The orc wizard closely misses you.
The orc wizard gestures at you while chanting.
The puff of frost hits you!
You die...

########### ...##.....#
...##.....# ###
...#......######## #.#
...............o@# #.#
...#......#.####)# #.#
.........##.# #.# #.#
.........##.####.####.#
....#.#.#....^........#
....#.#.#.#.####.####.####
........#.#.####.####....#
......................####
..###.###.#.####.####.#


You could see an orc wizard.

Vanquished Creatures
  A scorpion (D:4)
  2 orc priests (D:3)
  2 orc wizards (D:3)
  A bullfrog skeleton (D:4)
  Ijyb (D:4)
  A worker ant (D:4)
  9 adders
  An ooze (D:1)
  4 worms (D:2)
  2 dart slugs
  A leopard gecko (D:2)
  9 orcs
  2 ball pythons
  A giant cockroach (D:1)
  9 goblins
  9 hobgoblins
  5 jackals
  3 kobolds
  2 quokkas
  10 bats
  A frilled lizard (D:1)
  11 rats
87 creatures vanquished.

Notes
Turn   | Place    | Note
-------+----------+-------------------------------------------
     0 | D:1      | Descartes the Spriggan Conjurer began the quest for the
                  | Orb.
     0 | D:1      | Reached XP level 1. HP: 9/9 MP: 5/5
   416 | D:1      | Reached XP level 2. HP: 13/13 MP: 1/7
  1400 | D:1      | Reached XP level 3. HP: 16/16 MP: 6/8
  1833 | D:2      | Reached skill level 4 in Dodging
  2272 | D:2      | Reached XP level 4. HP: 21/21 MP: 7/10
  3167 | D:3      | Found an ornate altar of the Wu Jian Council.
  3198 | D:3      | Reached XP level 5. HP: 24/24 MP: 5/12
  3422 | D:3      | Reached skill level 5 in Dodging
  3951 | D:3      | Reached skill level 5 in Spellcasting
  4162 | D:3      | Found a shattered altar of Ashenzari.
  4465 | D:3      | Found a faded altar of an unknown god.
  4508 | D:4      | Reached XP level 6. HP: 28/28 MP: 7/14
  4553 | D:4      | Noticed Ijyb
  4824 | D:4      | Killed Ijyb
  5139 | D:4      | Learned a level 2 spell: Searing Ray
  5143 | D:4      | Learned a level 3 spell: Dazzling Spray
  5148 | D:4      | Learned a level 4 spell: Iskenderun's Mystic Blast
  5153 | D:4      | Learned a level 4 spell: Fulminant Prism
  5323 | D:4      | Reached skill level 6 in Dodging
  5323 | D:4      | Reached skill level 1 in Hexes
  5552 | D:3      | HP: 1/28 [orc wizard/puff of flame (7)]
  5554 | D:3      | Killed from afar by an orc wizard

Levels and vault maps discovered:
D:1:      onia_arrival_larder, layout_basic
D:2:      layout_basic, serial_forest, infiniplex_forest_straight_4,
          infiniplex_forest_zigzag_1, infiniplex_forest_straight_5,
          infiniplex_forest_clump_double, infiniplex_forest_corner_2
D:3:      layout_basic, overflow_temple_1_default, evilmike_ruin_ashenzari,
          chequers_ecumenical_altar_lobes
D:4:      layout_loops_ring, uniq_ijyb

Skill      XL: |  1  2  3  4  5  6 |
---------------+-------------------+-----
Conjurations   | 3 4 |  4.1
Spellcasting   | 3 4 5 |  5.4
Dodging        | 4 5 6 |  6.1
Hexes          | 1 |  1.3
Stealth        | |  3.4

Action                   |  1- 3 |  4- 6 || total
-------------------------+-------+-------++-------
Melee: Unarmed           |    26 |       ||    26
       Dagger            |    13 |    37 ||    50
 Cast: Magic Dart        |   113 |   140 ||   253
Armor: Robe              |     6 |     6 ||    12
Dodge: Dodged            |    52 |    38 ||    90
